 Dungeon Crawl Stone Soup version 0.16-a0-253-g996e5b4 (webtiles) character file.

64 Herrn the Magician (level 4, 25/25 HPs)
             Began as a Tengu Wizard on Aug 22, 2014.
             Quit the game on Level 2 of the Dungeon on Aug 23, 2014.
             The game lasted 00:13:51 (3164 turns).

Herrn the Magician (Tengu Wizard)                   Turns: 3164, Time: 00:13:51

HP  25/25        AC  2     Str  5      XL: 4   Next: 12%
MP   9/9         EV 12     Int 19      God:
Gold 51          SH  0     Dex 13      Spells:  3 memorised,  5 levels left

rFire  . . .     SeeInvis .     (no weapon)
rCold  . . .     Rnd*Rage +     a - +0 robe
rNeg   . . .     rCorr    .     (no shield)
rPois  .         rRot     .     b - +0 hat
rElec  .         Spirit   .     (no cloak)
SustAb .         Warding  .     (no gloves)
rMut   .         Stasis   .     (boots unavailable)
Gourm  .                        (no amulet)
MR     .....                    (no ring)
                                (no ring)

@: not resistant to hostile enchantments, unstealthy
A: beak, talons 3, berserk 1, low mp 1, mutation resistance 1, weak 1
a: no special abilities


You were on level 2 of the Dungeon.
You were not hungry.

You visited 1 branch of the dungeon, and saw 2 of its levels.

You collected 51 gold pieces.

Inventory:

Hand weapons
 r - a +2 whip of electrocution
Armour
 a - a +0 robe (worn)
 b - a +0 hat (worn)
Comestibles
 d - 2 bread rations
 h - 2 beef jerkies
 j - a meat ration
Scrolls
 e - 2 scrolls of recharging {unknown}
 g - a scroll of noise {unknown}
 i - a scroll of teleportation {unknown}
 m - a scroll of amnesia {unknown}
 n - a scroll of fear {unknown}
 o - a scroll of enchant armour {unknown}
Potions
 k - 2 potions of restore abilities
Books
 c - a book of Minor Magic

   Spells                             Type                      Level
   *Magic Dart                        Conjuration                  1
   *Blink                             Translocation                2
   Call Imp                           Summoning                    2
   *Repel Missiles                    Charms/Air                   2
   Slow                               Hexes                        2
   Conjure Flame                      Conjuration/Fire             3
   Mephitic Cloud                     Conjuration/Poison/Air       3


   Skills:
 * Level 1.0 Fighting
 - Level 2.4 Dodging
 - Level 2.0 Stealth
 + Level 3.8 Spellcasting
 * Level 3.1 Conjurations
   Level 1.2 Summonings
 - Level 0.7 Translocations


You had 5 spell levels left.
You knew the following spells:

 Your Spells              Type           Power        Failure   Level  Hunger
a - Magic Dart            Conj           ###.         4%          1    None
b - Blink                 Tloc           N/A          17%         2    ##.....
c - Repel Missiles        Chrm/Air       #.....       24%         2    ##.....


Dungeon Overview and Level Annotations

Branches:
Dungeon (2/15)

Altars:

Annotations:
D:1 Ijyb


Innate Abilities, Weirdness & Mutations

You have a beak for a mouth.
You have claws for feet.
You tend to lose your temper in combat.
Your magical capacity is low (-10% MP).
You are somewhat resistant to further mutation.
You are weak. (Str -2)


Message History

Identify which item? (\ to view known items) (? for menu, Esc to quit)
As you read the scroll of identify, it crumbles to dust.
p - a potion of beneficial mutation Read which item? (? for menu, Esc to quit)
Identify which item? (\ to view known items) (? for menu, Esc to quit)
As you read the scroll of identify, it crumbles to dust.
q - 2 potions of mutation Drink which item? (? for menu, Esc to quit)
You feel extremely strange.
You feel less energetic.
You feel a little pissed off.
You feel genetically stable.
Drink which item? (? for menu, Esc to quit)
You feel extremely strange.
You feel weaker.
Drink which item? (? for menu, Esc to quit)
You feel odd for a moment.
You feel fantastic for a moment.
Unknown command.
Unknown command.
Are you sure you want to abandon this character and quit the game? (Confirm with "yes".)

#...(...#..#############>#
####.....................#
#.##.####.#########.###
#.# #.# ###.### #.# ###
#.....# #.# #..
##.##.....##### #.# #<.
...............# #.# #(.
#####..@..#.#.# #.# ##.
#.....#.#.###.## #.
###.###....#.#.####. #.#
###...###.....
#<#####.##.#.#####
#.................
##################


There were no monsters in sight!

Vanquished Creatures
  An adder (D:2)
  2 worms (D:2)
  A giant gecko (D:1)
  An ooze (D:1)
  6 bats
  2 giant cockroaches (D:1)
  10 goblins
  3 hobgoblins (D:1)
  10 kobolds
  A giant newt (D:2)
  4 rats (D:1)
41 creatures vanquished.

Notes
Turn   | Place    | Note
--------------------------------------------------------------
     0 | D:1      | Herrn, the Tengu Wizard, began the quest for the Orb.
     0 | D:1      | Reached XP level 1. HP: 10/10 MP: 4/4
   181 | D:1      | Reached XP level 2. HP: 15/15 MP: 0/7
   524 | D:1      | Upgraded the game from 0.16-a0-249-g5922f4d to 0.16-a0-253-g996e5b4
  1333 | D:1      | Reached XP level 3. HP: 18/20 MP: 1/9
  1442 | D:1      | Learned a level 2 spell: Blink
  1445 | D:1      | Learned a level 2 spell: Repel Missiles
  2229 | D:2      | Noticed Ijyb
  3059 | D:2      | Reached skill level 1 in Fighting
  3059 | D:2      | Reached XP level 4. HP: 21/25 MP: 2/11
  3161 | D:2      | Gained mutation: Your magical capacity is low (-10% MP). [potion of mutation]
  3161 | D:2      | Gained mutation: You tend to lose your temper in combat. [potion of mutation]
  3161 | D:2      | Gained mutation: You are somewhat resistant to further mutation. [potion of mutation]
  3162 | D:2      | Gained mutation: You are weak. (Str -2) [potion of mutation]
  3164 | D:2      | Quit the game

Action                   |  1- 3 |  4- 6 || total
-------------------------+-------+-------++-------
Melee: Unarmed           |    11 |       ||    11
 Cast: Magic Dart        |   139 |     1 ||   140
       Blink             |     7 |       ||     7
  Use: Scroll            |       |     3 ||     3
       Potion            |       |     3 ||     3
  Eat: Chunk             |     4 |     1 ||     5
       Pizza             |     1 |       ||     1
